 Dungeon Crawl Stone Soup version 0.28-a0-247-gb8bfbab023 (webtiles) character file.

Game seed: 15350955715506696928

2014 bande the Chopper (level 9, -2/55 HPs)
             Began as a Gargoyle Fighter on Aug 26, 2021.
             Was a Follower of Okawaru.
             Slain by a seven-headed hydra (10 damage)
             ... on level 7 of the Dungeon.
             The game lasted 00:13:31 (6682 turns).

bande the Chopper (Gargoyle Fighter)                Turns: 6682, Time: 00:13:32

Health: -2/55      AC: 20    Str: 22    XL:     9   Next: 22%
Magic:  12/12      EV:  8    Int:  9    God:    Okawaru [*.....]
Gold:   245        SH: 10    Dex: 16    Spells: 8/8 levels left

rFire   + . .      SeeInvis .   j - +0 flail
rCold   . . .      Faith    .   c - +0 kite shield
rNeg    + . .      Spirit   .   b - +0 scale mail
rPois   ∞          Reflect  .   t - +2 hat
rElec   +          Harm     .   q - +0 cloak
rCorr   .          Rampage  .   k - +0 pair of gloves
Will    .....                   g - +1 pair of boots {Stlth+}
Stlth   +.........              (no amulet)
HPRegen 0.18/turn               p - ring of protection from fire
MPRegen 0.13/turn               w - +6 ring of dexterity

@: mighty
A: sickness immunity, AC +6, negative energy resistance 1, electricity
resistance, torment resistance 1, petrification resistance, high mp 1
a: Renounce Religion, Heroism


You were on level 7 of the Dungeon.
You worshipped Okawaru.
Okawaru was aware of your devotion.
You visited 2 branches of the dungeon, and saw 8 of its levels.
You also visited: Sewer.

You collected 245 gold pieces.

Inventory:

Hand Weapons
 a - a +0 war axe
 e - a +5 broad axe of venom
 j - a +0 flail (weapon)
Armour
 b - a +0 scale mail (worn)
 c - a +0 kite shield (worn)
 g - a +1 pair of boots of stealth (worn)
 k - a +0 pair of gloves (worn)
 q - a +0 cloak (worn)
 t - a +2 hat (worn)
Jewellery
 h - a ring of flight
 n - a ring of magical power
 p - a ring of protection from fire (left hand)
 w - a +6 ring of dexterity (right hand)
Wands
 s - a wand of acid (10)
Scrolls
 m - 7 scrolls of fog
 o - a scroll of fear
 x - a scroll of teleportation
Potions
 d - a potion of might
 f - 3 potions of curing
 l - 5 potions of flight
 u - a potion of ambrosia


   Skills:
 + Level 5.6 Fighting
 + Level 7.6 Axes
 + Level 6.1 Armour
 - Level 0.3 Dodging
 - Level 0.1 Stealth
 + Level 5.7 Shields
 * Level 3.5 Invocations
 * Level 1.1 Evocations


You had 8 spell levels left.
You didn't know any spells.
Your spell library contained the following spells:

 Spells                   Type           Power      Damage    Failure   Level
 Portal Projectile        Hex/Tloc       0%         N/A       100%        3
 Leda's Liquefaction      Hex/Erth       0%         N/A       100%        4
 Olgreb's Toxic Radiance  Pois           0%         N/A       100%        4
 Passage of Golubria      Tloc           N/A        N/A       100%        4
 Yara's Violent Unravell  Hex/Tmut       0%         3d3       100%        5
 Ozocubu's Refrigeration  Ice            0%         4d5       100%        7
 Ignition                 Fire           0%         3d3       100%        8
 Call Canine Familiar     Summ           Unusable   N/A       N/A         3
 Tukima's Dance           Hex            Unusable   N/A       N/A         3

Dungeon Overview and Level Annotations

Branches:
Dungeon (7/15)             Temple (1/1) D:5           Sewer (visited)

Altars:
Ashenzari
Cheibriados
Dithmenos
Elyvilon
Fedhas
Gozag
Hepliaklqana
Kikubaaqudgha
Makhleb
Nemelex Xobeh
Okawaru
Ru
Sif Muna
Trog
Uskayaw
Vehumet
Xom
Yredelemnul
Zin
The Shining One

Shops:
D:2 [   D:7 *


Innate Abilities, Weirdness & Mutations

You are immune to sickness and miasma.
Your stone body is resilient. (AC +6)
You are immune to poison.
You resist negative energy. (rN+)
You are resistant to electric shocks. (rElec)
You are resistant to unholy torment.
You are immune to petrification.
You have an increased reservoir of magic. (+10% MP)


Message History

The seven-headed hydra bites you.
You block the seven-headed hydra's attack. x2
The seven-headed hydra bites you but does no damage. x2
The seven-headed hydra bites you.
The seven-headed hydra bites you but does no damage.
Your +5 broad axe of venom stops dripping with poison.
j - a +0 flail (weapon)
The seven-headed hydra bites you!
The seven-headed hydra bites you but does no damage.
The seven-headed hydra bites you! The seven-headed hydra bites you.
The seven-headed hydra bites you but does no damage.
The seven-headed hydra bites you!
You block the seven-headed hydra's attack.
You feel much better.
You block the seven-headed hydra's attack.
The seven-headed hydra bites you but does no damage. x2
You block the seven-headed hydra's attack.
The seven-headed hydra bites you!
The seven-headed hydra bites you but does no damage. x2
You feel very mighty all of a sudden.
The seven-headed hydra bites you but does no damage.
You block the seven-headed hydra's attack.
The seven-headed hydra bites you but does no damage. x2
You block the seven-headed hydra's attack.
The seven-headed hydra bites you but does no damage.
The seven-headed hydra bites you!
You bludgeon the seven-headed hydra!!
The seven-headed hydra is heavily wounded.
The seven-headed hydra bites you!
The seven-headed hydra bites you but does no damage. x2
The seven-headed hydra bites you!
* * * LOW HITPOINT WARNING * * *
You block the seven-headed hydra's attack.
The seven-headed hydra bites you but does no damage.
You block the seven-headed hydra's attack.
You bludgeon the seven-headed hydra!!
The seven-headed hydra is severely wounded.
You block the seven-headed hydra's attack.
The seven-headed hydra bites you!
You die...

#### #..
############## #.#
.............###.###
.##...######.......#.#
#∩...∩##............#
#.....##.######@#.###
#∩.⌠.∩##(######D# #
#.....##........#
#∩...∩##...........#
###...###..#####.#..#
#..###........ #.#..#
........#..##. #.. ...
..###......# ... ...#
.. #>#.##.# ### #.#


You could see a seven-headed hydra.

Vanquished Creatures
  Grinder (D:6)
  A sky beast (D:6)
  2 necrophages
  2 black bears
  2 ogres
  2 phantoms
  A bullfrog (D:5)
  4 scorpions
  2 wyvern zombies (D:6)
  4 wights (D:6)
  2 hounds (D:5)
  Crazy Yiuf (D:6)
  A bullfrog skeleton (D:6)
  An iguana (D:6)
  Ijyb (D:5)
  Terence (D:2)
  2 hound zombies (D:5)
  Robin (D:2)
  6 gnolls
  7 adders
  2 white imps
  An ufetubus (D:5)
  2 worms
  A dart slug (D:1)
  8 orcs
  14 bats
  6 endoplasms
  5 giant cockroaches
  14 goblins
  9 hobgoblins
  4 jackals (Sewer)
  4 kobolds
  2 quokkas (D:4)
  9 ball pythons
  3 frilled lizards
  10 rats
138 creatures vanquished.

Vanquished Creatures (collateral kills)
  A ball python (D:3)
1 creature vanquished.

Vanquished Creatures (others)
  58 plants (D:4)
58 creatures vanquished.

Grand Total: 197 creatures vanquished

Notes
Turn   | Place    | Note
-------+----------+-------------------------------------------
     0 | D:1      | bande the Gargoyle Fighter began the quest for the Orb.
     0 | D:1      | Reached XP level 1. HP: 14/14 MP: 1/1
   478 | D:1      | Reached XP level 2. HP: 18/19 MP: 2/2
  1039 | D:1      | Reached skill level 2 in Axes
  1441 | D:2      | Reached XP level 3. HP: 22/23 MP: 3/3
  1761 | D:2      | Found Ikics's Antique Armour Emporium.
  1777 | D:2      | Noticed Terence
  1780 | D:2      | Noticed Robin
  1781 | D:2      | Killed Terence
  1782 | D:2      | Reached XP level 4. HP: 29/29 MP: 4/4
  1793 | D:2      | Reached skill level 3 in Axes
  1794 | D:2      | Killed Robin
  2408 | D:3      | Identified 2 scrolls of acquirement
  2408 | D:3      | Acquired a +4 broad axe of venom
  2418 | D:3      | Acquired a +1 pair of boots of stealth
  2453 | D:3      | Found a glowing drain.
  2463 | Sewer    | Entered a sewer
  2467 | Sewer    | Reached XP level 5. HP: 33/33 MP: 5/5
  2988 | D:3      | Noticed a phantom
  3004 | D:3      | Killed a phantom
  3005 | D:3      | Reached XP level 6. HP: 22/38 MP: 6/6
  3396 | D:4      | Noticed a black bear
  3402 | D:4      | Killed a black bear
  3403 | D:4      | Reached skill level 4 in Axes
  3889 | D:4      | Reached XP level 7. HP: 29/44 MP: 7/7
  4104 | D:4      | Found a glowing silver altar of Zin.
  4106 | D:4      | Found an ancient bone altar of Kikubaaqudgha.
  4118 | D:4      | Reached skill level 5 in Armour
  4585 | D:5      | Entered Level 5 of the Dungeon
  4635 | D:5      | Reached skill level 5 in Axes
  4886 | D:5      | Found a staircase to the Ecumenical Temple.
  4895 | Temple   | Entered the Ecumenical Temple
  5005 | Temple   | Became a worshipper of Warmaster Okawaru
  5135 | D:5      | Reached XP level 8. HP: 48/48 MP: 8/8
  5143 | D:5      | Reached skill level 5 in Shields
  5223 | D:5      | Noticed Ijyb
  5230 | D:5      | Killed Ijyb
  5460 | D:6      | Noticed Grinder
  5466 | D:6      | Reached skill level 5 in Fighting
  5466 | D:6      | Reached skill level 6 in Axes
  5466 | D:6      | Reached skill level 1 in Invocations
  5473 | D:6      | Paralysed by Grinder for 7 turns
  5485 | D:6      | Killed Grinder
  5865 | D:6      | Reached * piety under Okawaru
  5866 | D:6      | Reached skill level 7 in Axes
  5906 | D:6      | Reached XP level 9. HP: 54/54 MP: 11/11
  6153 | D:6      | Reached skill level 1 in Evocations
  6390 | D:6      | Gained mutation: You have an increased reservoir of magic.
                  | (+10% MP) [potion of mutation]
  6429 | D:6      | Found a runed translucent door.
  6430 | D:6      | Noticed Crazy Yiuf
  6569 | D:6      | Killed Crazy Yiuf
  6646 | D:7      | Found Effavy's CLEARANCE SALE! EVERYTHING MUST GO!.
  6673 | D:7      | Noticed a six-headed hydra
  6682 | D:7      | Slain by a seven-headed hydra

Illustrated notes

Levels and vault maps discovered:
D:1:      amcnicky_arrival_abandoned_market, layout_loops_corners
D:2:      layout_loops_ring, serial_shops, shop, minmay_misc_feat_chi,
          uniq_terence, uniq_robin
D:3:      layout_rooms, gup_sewer_entry_glass, patterned_corridor
D:4:      layout_basic, mainiacjoe_overflow_catch_the_wave,
          chequers_serial_rivers_room_b
D:5:      layout_rooms, minmay_temple_entry_mini_moons, uniq_ijyb
D:6:      layout_basic, kennysheep_cross_bottleneck, uniq_grinder,
          uniq_crazy_yiuf_cottage
D:7:      layout_loops_ring, nicolae_shop_clearance
Temple:   eino_narrow_crystal_temple

Skill      XL: |  1  2  3  4  5  6  7  8  9 |
---------------+----------------------------+-----
Axes           | 2 3 4 5 7 |  7.6
Armour         | 4 5 6 |  6.1
Fighting       | 4 5 |  5.6
Shields        | 4 5 |  5.7
Invocations    | 3 |  3.5
Evocations     | 1 |  1.1
Dodging        | |  0.3
Stealth        | |  0.1

Action                   |  1- 3 |  4- 6 |  7- 9 || total
-------------------------+-------+-------+-------++-------
Melee: War axe           |    97 |    29 |       ||   126
       Broad axe         |       |   116 |   144 ||   260
       Flail             |       |       |     2 ||     2
  Use: Potion            |     2 |     3 |     3 ||     8
       Scroll            |     1 |     7 |     9 ||    17
Armor: Scale mail        |    70 |   125 |   114 ||   309
Dodge: Dodged            |    41 |    65 |    52 ||   158
Block: Kite shield       |    42 |   103 |    96 ||   241

Table legend: (Time is in decaauts)
 A = Elapsed time spent in this place.
 B = Non-inter-level travel time spent in this place.
 C = Inter-level travel time spent in this place.
 D = Time resting spent in this place.
 E = Time spent auto-exploring this place.
 F = Levels seen in this place.
 G = Mean time per level.
                   A        B        C        D        E       F      G
               +--------+--------+--------+--------+--------+-----+--------+
         Total |   6989 |   6847 |    142 |    862 |   4500 |   9 |  776.6 |
       Dungeon |   6382 |   6254 |    128 |    862 |   4121 |   7 |  911.7 |
        Temple |    126 |    112 |     14 |      0 |     94 |   1 |  126.0 |
         Sewer |    480 |    480 |      0 |      0 |    285 |   1 |  480.0 |
               +--------+--------+--------+--------+--------+-----+--------+

Top non-repeatable levels by time:
     D:1: 1466 daAuts
     D:6: 1264 daAuts
     D:4: 1264 daAuts
     D:2: 1018 daAuts
     D:5: 729 daAuts
     D:3: 596 daAuts
   Sewer: 480 daAuts
  Temple: 126 daAuts
     D:7: 42 daAuts
